Connexion

Comets vs Moose

Created - 18 septembre 2023 at 05:56

Goals
1 2 3 T
Comets 3 2 0 5
Moose 2 1 1 4
Shots
1 2 3 T
Comets 6 5 11 22
Moose 12 11 15 38

GoalsPenalties
1st period
1. Moose , Pierre Engvall 10 (Jacob Nilsson 2) at 1:56 (PP)
2. Moose , Pierre Engvall 11 (Jake Virtanen 15) at 2:08
3. Comets , Markus Niemelainen 5 (Chase De Leo 10, Trevor Lewis 12) at 9:56 (PP)
4. Comets , Brandon Davidson 4 (Markus Niemelainen 11) at 17:13
5. Comets , Derek Ryan 10 (Oskar Lindblom 19) at 18:54 (PP)
Kevin Czucman (UTI) for Hooking (Minor) at 1:52
Jake Virtanen (MAN) for Hooking (Minor) at 9:48
Jake Virtanen (MAN) for Delaying the game (Minor) at 18:44
2nd period
6. Comets , Chris Terry 7 (Trevor Lewis 13, Dylan Labbe 8) at 4:56
7. Comets , Josh Archibald 8 (Derek Ryan 11, Oskar Lindblom 20) at 9:46
8. Moose , Jake Virtanen 13 (Pierre Engvall 9, Jacob Nilsson 3) at 12:41
Matt Bartkowski (UTI) for Roughing (Minor) at 17:37
3rd period
9. Moose , Damien Giroux 3 (Mathieu Olivier 4, Nikita Scherbak 9) at 5:30
Josh Archibald (UTI) for High sticking (Minor) at 6:36
Jordan Martinook (MAN) for Hooking (Minor) at 17:36
Josh Archibald (UTI) for High sticking (Minor) at 17:36
Goalie Stats
David Rittich (UTI), 34 saves from 38 shots - (0,895), W, 7-3-0, 60:00 minutes
Kaden Fulcher (MAN), 5 saves from 9 shots - (0,556), 24:56 minutes
Josef Korenar (MAN), 12 saves from 13 shots - (0,923), L, 0-1-0, 34:05 minutes
3 StarsOfficial
1 - Pierre Engvall (MAN)
2 - Markus Niemelainen (UTI)
3 - Derek Ryan (UTI)
Referees : Paul Devorski and Don VanMassenhoven
Linesman : Tim Nowak and Steve Miller
Game Note
Josef Korenar enters game at 4:56 of 2nd period
Finance
Level 1 -- Attendance: 1769 (88,45%) -- Ticket Income 61 915 $
Level 2 -- Attendance: 1000 (100,00%) -- Ticket Income 15 000 $
Total Attendance: 2769 (92,30%)
Total Ticket Income: 76 915 $
Other Income: 15 383 $
Total Income: 92 298 $



Team Name Goals Shots Shots Attemp Shots Blocked PIM HIT PP PK FO%
Comets 5224668202 / 2 (100%)158%
Moose 4387176261 / 3 (33%)242%

Comets
Player Name POS G A P +/- PIM HIT SHT SB MP PP MP PP SHT PK MP PK SHT FO% FOT
Brandon DavidsonD1010001119:260:0801:4800% 0
Brendan SmithD0000040016:290:0000:0000% 0
Chase De LeoC/LW0110001017:530:0800:47068% 19
Chris TerryLW/RW1010013016:470:0800:0000% 0
Cliff PuRW000-101018:020:0000:0000% 0
Dennis YanLW000-100008:230:0000:2100% 0
Derek RyanC1121015022:200:1013:15070% 20
Dylan LabbeD0110001017:300:0001:0100% 0
Frederik GauthierC0000000112:300:0000:00043% 14
Josh ArchibaldRW1011454017:470:1000:2600% 0
Kevin CzucmanD0000221223:380:1002:1400% 0
Markus NiemelainenD1120031019:480:0812:1000% 0
Matt BartkowskiD0000200022:410:1000:5100% 0
Michael JolyRW0000000011:470:0000:00050% 4
Michael RafflLW/RW0000000012:110:0000:0000% 0
Oskar LindblomLW/RW0221001021:540:1003:15038% 16
Santeri VirtanenC000-100008:020:0000:00080% 10
Trevor LewisC/RW0220034116:470:0800:00033% 3
Moose
Player Name POS G A P +/- PIM HIT SHT SB MP PP MP PP SHT PK MP PK SHT FO% FOT
Alec RegulaD000-1010014:460:0000:0000% 0
Alex Barre-BouletC/LW/RW0000000013:200:0000:00045% 11
Cameron SchillingD0002020121:591:2100:1800% 0
Damien GirouxC/LW1010004020:411:3220:00050% 30
Derrick PouliotD0002001121:591:2100:1800% 0
Filip ChlapikC/LW000-2001010:300:0000:00038% 13
Fredrik ClaessonD000-1013023:152:4120:0000% 0
Jacob NilssonC/LW0222014013:392:3020:00045% 20
Jake VirtanenRW1122444026:462:3000:0000% 5
Jordan MartinookC/LW000-2211010:290:0000:0000% 1
Mathieu OlivierLW/RW0110085020:411:3220:00050% 2
Nikita ScherbakLW/RW0110014021:081:3210:0000% 1
Patrick MaroonLW000001000:240:0000:0000% 0
Pierre EngvallLW/RW2130008024:182:3030:1800% 1
Remi ElieLW0000001013:380:0000:18050% 2
Ryan McleodC000000002:060:0000:0000% 0
Thomas Hickey D000-1022423:152:4110:0000% 0
Xavier OuelletD000-1040114:460:0000:0000% 0



Play-by-Play

1st period


0:01 of 1st period - Derek Ryan wins face-off versus Jacob Nilsson in neutral zone.
0:07 of 1st period - Off-side.
0:08 of 1st period - Chase De Leo wins face-off versus Damien Giroux in neutral zone.
0:17 of 1st period - Mathieu Olivier is hit by Trevor Lewis and loses puck.
0:30 of 1st period - Shot by Trevor Lewis.
0:30 of 1st period - Stopped by Kaden Fulcher without a rebound.
0:31 of 1st period - Frederik Gauthier wins face-off versus Alex Barre-Boulet in Moose zone.
0:50 of 1st period - Shot by Remi Elie.
0:50 of 1st period - Shot Blocked by Frederik Gauthier.
0:53 of 1st period - Icing by Brendan Smith.
0:54 of 1st period - Filip Chlapik wins face-off versus Frederik Gauthier in Comets zone.
1:06 of 1st period - Icing by Michael Raffl.
1:07 of 1st period - Frederik Gauthier wins face-off versus Jacob Nilsson in Comets zone.
1:17 of 1st period - Off-side.
1:18 of 1st period - Damien Giroux wins face-off versus Derek Ryan in neutral zone.
1:52 of 1st period - Minor Penalty to Kevin Czucman for Hooking.
1:53 of 1st period - Jacob Nilsson wins face-off versus Oskar Lindblom in Comets zone.
1:54 of 1st period - Shot by Pierre Engvall.
1:54 of 1st period - Shot Misses the Net.
1:56 of 1st period - Shot by Pierre Engvall.
1:56 of 1st period - Goal by Pierre Engvall - Comets : 0 - Moose : 1.
1:57 of 1st period - Jacob Nilsson wins face-off versus Trevor Lewis in neutral zone.
2:08 of 1st period - Shot by Pierre Engvall.
2:08 of 1st period - Goal by Pierre Engvall - Comets : 0 - Moose : 2.
2:09 of 1st period - Santeri Virtanen wins face-off versus Alex Barre-Boulet in neutral zone.
2:18 of 1st period - Alex Barre-Boulet is hit by Kevin Czucman and loses puck.
3:20 of 1st period - Icing by Markus Niemelainen.
3:21 of 1st period - Damien Giroux wins face-off versus Oskar Lindblom in Comets zone.
3:30 of 1st period - Derrick Pouliot is hit by Josh Archibald and loses puck.
4:05 of 1st period - Shot by Chase De Leo.
4:05 of 1st period - Shot Misses the Net.
4:11 of 1st period - Shot by Chris Terry.
4:11 of 1st period - Stopped by Kaden Fulcher without a rebound.
4:12 of 1st period - Michael Joly wins face-off versus Filip Chlapik in Moose zone.
4:13 of 1st period - Shot by Michael Raffl.
4:13 of 1st period - Shot Blocked by Thomas Hickey .
4:35 of 1st period - Shot by Filip Chlapik.
4:35 of 1st period - Shot Misses the Net.
4:37 of 1st period - Shot by Pierre Engvall.
4:37 of 1st period - Deflect By Filip Chlapik.
4:37 of 1st period - Shot Misses the Net.
4:39 of 1st period - Shot by Fredrik Claesson.
4:39 of 1st period - Stopped by David Rittich without a rebound.
4:40 of 1st period - Alex Barre-Boulet wins face-off versus Trevor Lewis in Comets zone.
5:21 of 1st period - Shot by Jake Virtanen.
5:21 of 1st period - Stopped by David Rittich without a rebound.
5:22 of 1st period - Derek Ryan wins face-off versus Damien Giroux in Comets zone.
5:22 of 1st period - Oskar Lindblom is hit by Mathieu Olivier and loses puck.
5:31 of 1st period - Shot by Damien Giroux.
5:31 of 1st period - Stopped by David Rittich without a rebound.
5:32 of 1st period - Frederik Gauthier wins face-off versus Jordan Martinook in Comets zone.
5:32 of 1st period - Kevin Czucman is hit by Jordan Martinook and loses puck.
6:43 of 1st period - Shot by Derrick Pouliot.
6:43 of 1st period - Stopped by David Rittich without a rebound.
6:44 of 1st period - Chase De Leo wins face-off versus Jake Virtanen in Comets zone.
6:52 of 1st period - Chris Terry is hit by Alec Regula and loses puck.
7:02 of 1st period - Icing by Alec Regula.
7:03 of 1st period - Derek Ryan wins face-off versus Alex Barre-Boulet in Moose zone.
7:46 of 1st period - Off-side.
7:47 of 1st period - Damien Giroux wins face-off versus Chase De Leo in neutral zone.
8:08 of 1st period - Shot by Mathieu Olivier.
8:08 of 1st period - Stopped by David Rittich without a rebound.
8:09 of 1st period - Santeri Virtanen wins face-off versus Filip Chlapik in Comets zone.
8:36 of 1st period - Shot by Dennis Yan.
8:36 of 1st period - Shot Blocked by Derrick Pouliot.
9:37 of 1st period - Shot by Thomas Hickey .
9:37 of 1st period - Stopped by David Rittich with a rebound.
9:39 of 1st period - Shot by Mathieu Olivier.
9:39 of 1st period - Stopped by David Rittich without a rebound.
9:40 of 1st period - Alex Barre-Boulet wins face-off versus Chase De Leo in Comets zone.
9:48 of 1st period - Minor Penalty to Jake Virtanen for Hooking.
9:49 of 1st period - Remi Elie wins face-off versus Chase De Leo in Moose zone.
9:56 of 1st period - Shot by Markus Niemelainen.
9:56 of 1st period - Goal by Markus Niemelainen - Comets : 1 - Moose : 2.
9:57 of 1st period - Derek Ryan wins face-off versus Jacob Nilsson in neutral zone.
10:12 of 1st period - Alec Regula is hit by Josh Archibald and loses puck.
10:20 of 1st period - Jake Virtanen is hit by Brendan Smith and loses puck.
12:15 of 1st period - Shot by Jordan Martinook.
12:15 of 1st period - Deflect By Pierre Engvall.
12:15 of 1st period - Stopped by David Rittich with a rebound.
12:17 of 1st period - Shot by Pierre Engvall.
12:17 of 1st period - Shot Misses the Net.
12:19 of 1st period - Shot by Jordan Martinook.
12:19 of 1st period - Stopped by David Rittich without a rebound.
12:20 of 1st period - Filip Chlapik wins face-off versus Frederik Gauthier in Comets zone.
12:35 of 1st period - Shot by Filip Chlapik.
12:35 of 1st period - Shot Misses the Net.
12:43 of 1st period - Shot by Jordan Martinook.
12:43 of 1st period - Shot Misses the Net.
13:00 of 1st period - Shot by Frederik Gauthier.
13:00 of 1st period - Shot Blocked by Thomas Hickey .
13:26 of 1st period - Damien Giroux is hit by Josh Archibald and loses puck.
13:36 of 1st period - Off-side.
13:37 of 1st period - Alex Barre-Boulet wins face-off versus Santeri Virtanen in neutral zone.
13:50 of 1st period - Shot by Jake Virtanen.
13:50 of 1st period - Shot Misses the Net.
13:57 of 1st period - Icing by Markus Niemelainen.
13:58 of 1st period - Santeri Virtanen wins face-off versus Damien Giroux in Comets zone.
14:29 of 1st period - Shot by Oskar Lindblom.
14:29 of 1st period - Deflect By Derek Ryan.
14:29 of 1st period - Stopped by Kaden Fulcher with a rebound.
14:31 of 1st period - Shot by Oskar Lindblom.
14:31 of 1st period - Shot Misses the Net.
15:03 of 1st period - Xavier Ouellet is hit by Josh Archibald and loses puck.
15:59 of 1st period - Shot by Pierre Engvall.
15:59 of 1st period - Shot Misses the Net.
16:13 of 1st period - Shot by Pierre Engvall.
16:13 of 1st period - Stopped by David Rittich with a rebound.
16:57 of 1st period - Shot by Mathieu Olivier.
16:57 of 1st period - Shot Misses the Net.
17:13 of 1st period - Shot by Brandon Davidson.
17:13 of 1st period - Goal by Brandon Davidson - Comets : 2 - Moose : 2.
17:14 of 1st period - Alex Barre-Boulet wins face-off versus Derek Ryan in neutral zone.
17:14 of 1st period - Alex Barre-Boulet is hit by Josh Archibald.
17:28 of 1st period - Jake Virtanen is hit by Brendan Smith and loses puck.
17:32 of 1st period - Icing by Brendan Smith.
17:33 of 1st period - Derek Ryan wins face-off versus Jacob Nilsson in Comets zone.
17:45 of 1st period - Off-side.
17:46 of 1st period - Frederik Gauthier wins face-off versus Damien Giroux in neutral zone.
17:46 of 1st period - Michael Raffl is hit by Mathieu Olivier and loses puck.
18:44 of 1st period - Minor Penalty to Jake Virtanen for Delaying the game.
18:45 of 1st period - Derek Ryan wins face-off versus Remi Elie in Moose zone.
18:54 of 1st period - Shot by Derek Ryan.
18:54 of 1st period - Goal by Derek Ryan - Comets : 3 - Moose : 2.
18:55 of 1st period - Santeri Virtanen wins face-off versus Jacob Nilsson in neutral zone.
19:22 of 1st period - Shot by Dennis Yan.
19:22 of 1st period - Shot Misses the Net.
19:57 of 1st period - Damien Giroux is hit by Brendan Smith and loses puck.
Goals for this period are 3 for Comets vs 2 for Moose.
Shots for this period are 6 for Comets vs 12 for Moose.

2nd period


0:01 of 2nd period - Derek Ryan wins face-off versus Jacob Nilsson in neutral zone.
0:12 of 2nd period - Shot by Oskar Lindblom.
0:12 of 2nd period - Shot Misses the Net.
0:14 of 2nd period - Shot by Oskar Lindblom.
0:14 of 2nd period - Shot Misses the Net.
0:16 of 2nd period - Shot by Josh Archibald.
0:16 of 2nd period - Stopped by Kaden Fulcher without a rebound.
0:17 of 2nd period - Chase De Leo wins face-off versus Damien Giroux in Moose zone.
0:30 of 2nd period - Brandon Davidson is hit by Mathieu Olivier and loses puck.
0:43 of 2nd period - Derrick Pouliot is hit by Trevor Lewis and loses puck.
1:14 of 2nd period - Trevor Lewis is hit by Mathieu Olivier and loses puck.
1:55 of 2nd period - Shot by Josh Archibald.
1:55 of 2nd period - Shot Blocked by Thomas Hickey .
1:57 of 2nd period - Shot by Oskar Lindblom.
1:57 of 2nd period - Deflect By Derek Ryan.
1:57 of 2nd period - Shot Blocked by Thomas Hickey .
1:59 of 2nd period - Shot by Josh Archibald.
1:59 of 2nd period - Stopped by Kaden Fulcher without a rebound.
2:00 of 2nd period - Alex Barre-Boulet wins face-off versus Frederik Gauthier in Moose zone.
3:42 of 2nd period - Shot by Jacob Nilsson.
3:42 of 2nd period - Shot Blocked by Kevin Czucman.
4:27 of 2nd period - Icing by Brandon Davidson.
4:28 of 2nd period - Santeri Virtanen wins face-off versus Damien Giroux in Comets zone.
4:36 of 2nd period - Off-side.
4:37 of 2nd period - Chase De Leo wins face-off versus Filip Chlapik in neutral zone.
4:39 of 2nd period - Trevor Lewis is hit by Thomas Hickey and loses puck.
4:46 of 2nd period - Shot by Chase De Leo.
4:46 of 2nd period - Shot Misses the Net.
4:48 of 2nd period - Shot by Chase De Leo.
4:48 of 2nd period - Shot Misses the Net.
4:53 of 2nd period - Chris Terry is hit by Fredrik Claesson and loses puck.
4:56 of 2nd period - Shot by Trevor Lewis.
4:56 of 2nd period - Deflect By Chris Terry.
4:56 of 2nd period - Goal by Chris Terry - Comets : 4 - Moose : 2.
4:56 of 2nd period - Josef Korenar enters game.
4:57 of 2nd period - Damien Giroux wins face-off versus Michael Joly in neutral zone.
6:12 of 2nd period - Shot by Pierre Engvall.
6:12 of 2nd period - Stopped by David Rittich with a rebound.
6:50 of 2nd period - Josh Archibald is hit by Jake Virtanen and loses puck.
7:48 of 2nd period - Shot by Brendan Smith.
7:48 of 2nd period - Shot Misses the Net.
7:50 of 2nd period - Shot by Michael Raffl.
7:50 of 2nd period - Shot Blocked by Cameron Schilling.
7:52 of 2nd period - Shot by Michael Raffl.
7:52 of 2nd period - Shot Misses the Net.
7:54 of 2nd period - Shot by Dylan Labbe.
7:54 of 2nd period - Shot Misses the Net.
8:38 of 2nd period - Cameron Schilling is hit by Cliff Pu and loses puck.
9:24 of 2nd period - Shot by Chris Terry.
9:24 of 2nd period - Stopped by Josef Korenar without a rebound.
9:25 of 2nd period - Filip Chlapik wins face-off versus Derek Ryan in Moose zone.
9:46 of 2nd period - Shot by Josh Archibald.
9:46 of 2nd period - Goal by Josh Archibald - Comets : 5 - Moose : 2.
9:47 of 2nd period - Chase De Leo wins face-off versus Damien Giroux in neutral zone.
10:31 of 2nd period - Icing by Thomas Hickey .
10:32 of 2nd period - Damien Giroux wins face-off versus Derek Ryan in Moose zone.
10:52 of 2nd period - Icing by Alec Regula.
10:53 of 2nd period - Michael Joly wins face-off versus Filip Chlapik in Moose zone.
10:55 of 2nd period - Frederik Gauthier is hit by Xavier Ouellet and loses puck.
11:04 of 2nd period - Shot by Pierre Engvall.
11:04 of 2nd period - Stopped by David Rittich without a rebound.
11:05 of 2nd period - Derek Ryan wins face-off versus Filip Chlapik in Comets zone.
11:15 of 2nd period - Shot by Pierre Engvall.
11:15 of 2nd period - Deflect By Jordan Martinook.
11:15 of 2nd period - Shot Misses the Net.
12:17 of 2nd period - Off-side.
12:18 of 2nd period - Jacob Nilsson wins face-off versus Frederik Gauthier in neutral zone.
12:37 of 2nd period - Shot by Jake Virtanen.
12:37 of 2nd period - Shot Misses the Net.
12:39 of 2nd period - Shot by Jacob Nilsson.
12:39 of 2nd period - Shot Misses the Net.
12:41 of 2nd period - Shot by Pierre Engvall.
12:41 of 2nd period - Deflect By Jake Virtanen.
12:41 of 2nd period - Goal by Jake Virtanen - Comets : 5 - Moose : 3.
12:42 of 2nd period - Trevor Lewis wins face-off versus Mathieu Olivier in neutral zone.
13:00 of 2nd period - Icing by Damien Giroux.
13:01 of 2nd period - Derek Ryan wins face-off versus Damien Giroux in Moose zone.
13:01 of 2nd period - Oskar Lindblom is hit by Thomas Hickey and loses puck.
13:10 of 2nd period - Shot by Mathieu Olivier.
13:10 of 2nd period - Stopped by David Rittich without a rebound.
13:11 of 2nd period - Chase De Leo wins face-off versus Jake Virtanen in Comets zone.
13:11 of 2nd period - Chase De Leo is hit by Jacob Nilsson.
13:23 of 2nd period - Shot by Jake Virtanen.
13:23 of 2nd period - Shot Misses the Net.
13:48 of 2nd period - Shot by Jacob Nilsson.
13:48 of 2nd period - Stopped by David Rittich with a rebound.
13:50 of 2nd period - Shot by Derrick Pouliot.
13:50 of 2nd period - Shot Misses the Net.
14:04 of 2nd period - Damien Giroux is hit by Trevor Lewis and loses puck.
14:37 of 2nd period - Shot by Nikita Scherbak.
14:37 of 2nd period - Shot Misses the Net.
15:41 of 2nd period - Icing by Filip Chlapik.
15:42 of 2nd period - Filip Chlapik wins face-off versus Frederik Gauthier in Moose zone.
15:46 of 2nd period - Off-side.
15:47 of 2nd period - Damien Giroux wins face-off versus Frederik Gauthier in neutral zone.
15:58 of 2nd period - Shot by Nikita Scherbak.
15:58 of 2nd period - Shot Misses the Net.
16:18 of 2nd period - Shot by Nikita Scherbak.
16:18 of 2nd period - Stopped by David Rittich without a rebound.
16:19 of 2nd period - Santeri Virtanen wins face-off versus Jacob Nilsson in Comets zone.
16:19 of 2nd period - Santeri Virtanen is hit by Jake Virtanen.
17:00 of 2nd period - Shot by Derrick Pouliot.
17:00 of 2nd period - Shot Blocked by Cliff Pu.
17:29 of 2nd period - Off-side.
17:30 of 2nd period - Filip Chlapik wins face-off versus Frederik Gauthier in neutral zone.
17:36 of 2nd period - Fredrik Claesson is hit by Kevin Czucman and loses puck.
17:37 of 2nd period - Minor Penalty to Matt Bartkowski for Roughing.
17:38 of 2nd period - Oskar Lindblom wins face-off versus Damien Giroux in Comets zone.
17:48 of 2nd period - Icing by Mathieu Olivier.
17:49 of 2nd period - Damien Giroux wins face-off versus Oskar Lindblom in Moose zone.
17:56 of 2nd period - Shot by Mathieu Olivier.
17:56 of 2nd period - Stopped by David Rittich with a rebound.
18:02 of 2nd period - Shot by Mathieu Olivier.
18:02 of 2nd period - Shot Misses the Net.
18:10 of 2nd period - Shot by Mathieu Olivier.
18:10 of 2nd period - Stopped by David Rittich with a rebound.
18:44 of 2nd period - Shot by Pierre Engvall.
18:44 of 2nd period - Shot Misses the Net.
18:48 of 2nd period - Shot by Jacob Nilsson.
18:48 of 2nd period - Stopped by David Rittich without a rebound.
18:49 of 2nd period - Jacob Nilsson wins face-off versus Chase De Leo in Comets zone.
18:54 of 2nd period - Shot by Pierre Engvall.
18:54 of 2nd period - Shot Misses the Net.
19:02 of 2nd period - Shot by Derrick Pouliot.
19:02 of 2nd period - Deflect By Jake Virtanen.
19:02 of 2nd period - Shot Blocked by Kevin Czucman.
19:04 of 2nd period - Shot by Pierre Engvall.
19:04 of 2nd period - Stopped by David Rittich without a rebound.
19:05 of 2nd period - Jacob Nilsson wins face-off versus Oskar Lindblom in Comets zone.
19:20 of 2nd period - Shot by Jacob Nilsson.
19:20 of 2nd period - Deflect By Jake Virtanen.
19:20 of 2nd period - Shot Misses the Net.
19:22 of 2nd period - Shot by Pierre Engvall.
19:22 of 2nd period - Shot Misses the Net.
19:24 of 2nd period - Shot by Pierre Engvall.
19:24 of 2nd period - Shot Misses the Net.
19:26 of 2nd period - Shot by Fredrik Claesson.
19:26 of 2nd period - Stopped by David Rittich without a rebound.
19:27 of 2nd period - Damien Giroux wins face-off versus Chase De Leo in Comets zone.
19:42 of 2nd period - Shot by Alex Barre-Boulet.
19:42 of 2nd period - Shot Misses the Net.
Goals for this period are 2 for Comets vs 1 for Moose.
Shots for this period are 5 for Comets vs 11 for Moose.

3rd period


0:01 of 3rd period - Jacob Nilsson wins face-off versus Derek Ryan in neutral zone.
1:20 of 3rd period - Off-side.
1:21 of 3rd period - Chase De Leo wins face-off versus Alex Barre-Boulet in neutral zone.
2:30 of 3rd period - Shot by Jordan Martinook.
2:30 of 3rd period - Shot Blocked by Trevor Lewis.
3:22 of 3rd period - Dylan Labbe is hit by Mathieu Olivier and loses puck.
4:04 of 3rd period - Dennis Yan is hit by Xavier Ouellet and loses puck.
5:11 of 3rd period - Shot by Pierre Engvall.
5:11 of 3rd period - Deflect By Filip Chlapik.
5:11 of 3rd period - Stopped by David Rittich without a rebound.
5:12 of 3rd period - Damien Giroux wins face-off versus Santeri Virtanen in Comets zone.
5:12 of 3rd period - Damien Giroux is hit by Markus Niemelainen.
5:26 of 3rd period - Shot by Mathieu Olivier.
5:26 of 3rd period - Shot Misses the Net.
5:28 of 3rd period - Shot by Mathieu Olivier.
5:28 of 3rd period - Shot Misses the Net.
5:30 of 3rd period - Shot by Mathieu Olivier.
5:30 of 3rd period - Deflect By Damien Giroux.
5:30 of 3rd period - Goal by Damien Giroux - Comets : 5 - Moose : 4.
5:31 of 3rd period - Chase De Leo wins face-off versus Filip Chlapik in neutral zone.
5:53 of 3rd period - Shot by Chase De Leo.
5:53 of 3rd period - Stopped by Josef Korenar without a rebound.
5:54 of 3rd period - Frederik Gauthier wins face-off versus Damien Giroux in Moose zone.
6:36 of 3rd period - Minor Penalty to Josh Archibald for High sticking.
6:37 of 3rd period - Jacob Nilsson wins face-off versus Oskar Lindblom in Comets zone.
6:37 of 3rd period - Thomas Hickey is hit by Markus Niemelainen and loses puck.
6:46 of 3rd period - Shot by Fredrik Claesson.
6:46 of 3rd period - Stopped by David Rittich without a rebound.
6:47 of 3rd period - Jacob Nilsson wins face-off versus Oskar Lindblom in Comets zone.
6:54 of 3rd period - Shot by Pierre Engvall.
6:54 of 3rd period - Stopped by David Rittich without a rebound.
6:55 of 3rd period - Oskar Lindblom wins face-off versus Jacob Nilsson in Comets zone.
7:22 of 3rd period - Shot by Jacob Nilsson.
7:22 of 3rd period - Stopped by David Rittich without a rebound.
7:23 of 3rd period - Damien Giroux wins face-off versus Oskar Lindblom in Comets zone.
7:28 of 3rd period - Shot by Damien Giroux.
7:28 of 3rd period - Stopped by David Rittich without a rebound.
7:29 of 3rd period - Mathieu Olivier wins face-off versus Oskar Lindblom in Comets zone.
7:32 of 3rd period - Shot by Damien Giroux.
7:32 of 3rd period - Stopped by David Rittich without a rebound.
7:33 of 3rd period - Jacob Nilsson wins face-off versus Oskar Lindblom in Comets zone.
8:14 of 3rd period - Shot by Thomas Hickey .
8:14 of 3rd period - Stopped by David Rittich without a rebound.
8:15 of 3rd period - Oskar Lindblom wins face-off versus Damien Giroux in Comets zone.
8:15 of 3rd period - Oskar Lindblom is hit by Mathieu Olivier.
8:22 of 3rd period - Nikita Scherbak is hit by Markus Niemelainen and loses puck.
8:31 of 3rd period - Shot by Mathieu Olivier.
8:31 of 3rd period - Shot Blocked by Brandon Davidson.
8:35 of 3rd period - Shot by Nikita Scherbak.
8:35 of 3rd period - Stopped by David Rittich without a rebound.
8:36 of 3rd period - Chase De Leo wins face-off versus Alex Barre-Boulet in Comets zone.
8:36 of 3rd period - Chase De Leo is hit by Jake Virtanen.
8:44 of 3rd period - Shot by Trevor Lewis.
8:44 of 3rd period - Stopped by Josef Korenar without a rebound.
8:45 of 3rd period - Damien Giroux wins face-off versus Frederik Gauthier in Moose zone.
8:52 of 3rd period - Shot by Damien Giroux.
8:52 of 3rd period - Shot Misses the Net.
9:56 of 3rd period - Shot by Jake Virtanen.
9:56 of 3rd period - Stopped by David Rittich without a rebound.
9:57 of 3rd period - Chase De Leo wins face-off versus Jacob Nilsson in Comets zone.
10:19 of 3rd period - Thomas Hickey is hit by Chris Terry and loses puck.
11:02 of 3rd period - Derek Ryan is hit by Xavier Ouellet and loses puck.
11:05 of 3rd period - Shot by Josh Archibald.
11:05 of 3rd period - Shot Blocked by Xavier Ouellet.
11:07 of 3rd period - Shot by Josh Archibald.
11:07 of 3rd period - Deflect By Derek Ryan.
11:07 of 3rd period - Stopped by Josef Korenar without a rebound.
11:08 of 3rd period - Damien Giroux wins face-off versus Michael Joly in Moose zone.
11:21 of 3rd period - Icing by Nikita Scherbak.
11:22 of 3rd period - Derek Ryan wins face-off versus Damien Giroux in Moose zone.
11:29 of 3rd period - Shot by Josh Archibald.
11:29 of 3rd period - Stopped by Josef Korenar with a rebound.
11:35 of 3rd period - Shot by Nikita Scherbak.
11:35 of 3rd period - Stopped by David Rittich without a rebound.
11:36 of 3rd period - Chase De Leo wins face-off versus Jake Virtanen in Comets zone.
11:44 of 3rd period - Kevin Czucman is hit by Xavier Ouellet and loses puck.
12:11 of 3rd period - Shot by Chase De Leo.
12:11 of 3rd period - Shot Misses the Net.
12:13 of 3rd period - Shot by Trevor Lewis.
12:13 of 3rd period - Stopped by Josef Korenar without a rebound.
12:14 of 3rd period - Damien Giroux wins face-off versus Derek Ryan in Moose zone.
12:16 of 3rd period - Icing by Mathieu Olivier.
12:17 of 3rd period - Derek Ryan wins face-off versus Damien Giroux in Moose zone.
12:22 of 3rd period - Shot by Oskar Lindblom.
12:22 of 3rd period - Shot Misses the Net.
12:24 of 3rd period - Shot by Josh Archibald.
12:24 of 3rd period - Shot Misses the Net.
12:26 of 3rd period - Shot by Brandon Davidson.
12:26 of 3rd period - Deflect By Oskar Lindblom.
12:26 of 3rd period - Stopped by Josef Korenar without a rebound.
12:27 of 3rd period - Frederik Gauthier wins face-off versus Filip Chlapik in Moose zone.
12:36 of 3rd period - Shot by Dylan Labbe.
12:36 of 3rd period - Stopped by Josef Korenar without a rebound.
12:37 of 3rd period - Derek Ryan wins face-off versus Jacob Nilsson in Moose zone.
12:52 of 3rd period - Shot by Jacob Nilsson.
12:52 of 3rd period - Stopped by David Rittich without a rebound.
12:53 of 3rd period - Chase De Leo wins face-off versus Damien Giroux in Comets zone.
12:53 of 3rd period - Chase De Leo is hit by Nikita Scherbak.
13:07 of 3rd period - Shot by Trevor Lewis.
13:07 of 3rd period - Stopped by Josef Korenar without a rebound.
13:08 of 3rd period - Derek Ryan wins face-off versus Jacob Nilsson in Moose zone.
13:08 of 3rd period - Derek Ryan is hit by Cameron Schilling.
13:36 of 3rd period - Shot by Jake Virtanen.
13:36 of 3rd period - Stopped by David Rittich without a rebound.
13:37 of 3rd period - Damien Giroux wins face-off versus Chase De Leo in Comets zone.
14:53 of 3rd period - Oskar Lindblom is hit by Cameron Schilling and loses puck.
15:29 of 3rd period - Oskar Lindblom is hit by Jake Virtanen and loses puck.
15:44 of 3rd period - Jake Virtanen is hit by Brendan Smith and loses puck.
16:02 of 3rd period - Off-side.
16:03 of 3rd period - Santeri Virtanen wins face-off versus Damien Giroux in neutral zone.
16:27 of 3rd period - Dennis Yan is hit by Mathieu Olivier and loses puck.
16:35 of 3rd period - Icing by Dylan Labbe.
16:36 of 3rd period - Santeri Virtanen wins face-off versus Alex Barre-Boulet in Comets zone.
17:13 of 3rd period - Shot by Remi Elie.
17:13 of 3rd period - Stopped by David Rittich without a rebound.
17:14 of 3rd period - Damien Giroux wins face-off versus Oskar Lindblom in Comets zone.
17:29 of 3rd period - Derek Ryan is hit by Mathieu Olivier and loses puck.
17:33 of 3rd period - Icing by Oskar Lindblom.
17:34 of 3rd period - Derek Ryan wins face-off versus Filip Chlapik in Comets zone.
17:36 of 3rd period - Minor Penalty to Jordan Martinook for Hooking.
17:36 of 3rd period - Minor Penalty to Josh Archibald for High sticking.
17:37 of 3rd period - Oskar Lindblom wins face-off versus Jake Virtanen in neutral zone.
17:49 of 3rd period - Fredrik Claesson is hit by Derek Ryan and loses puck.
18:00 of 3rd period - Shot by Oskar Lindblom.
18:00 of 3rd period - Deflect By Derek Ryan.
18:00 of 3rd period - Stopped by Josef Korenar without a rebound.
18:01 of 3rd period - Oskar Lindblom wins face-off versus Pierre Engvall in Moose zone.
18:10 of 3rd period - Shot by Derek Ryan.
18:10 of 3rd period - Shot Misses the Net.
18:12 of 3rd period - Shot by Kevin Czucman.
18:12 of 3rd period - Stopped by Josef Korenar with a rebound.
18:22 of 3rd period - Shot by Derek Ryan.
18:22 of 3rd period - Shot Misses the Net.
18:26 of 3rd period - Shot by Derek Ryan.
18:26 of 3rd period - Shot Misses the Net.
18:28 of 3rd period - Shot by Derek Ryan.
18:28 of 3rd period - Stopped by Josef Korenar without a rebound.
18:29 of 3rd period - Chase De Leo wins face-off versus Nikita Scherbak in Moose zone.
18:34 of 3rd period - Shot by Brandon Davidson.
18:34 of 3rd period - Shot Misses the Net.
18:47 of 3rd period - Shot by Nikita Scherbak.
18:47 of 3rd period - Stopped by David Rittich without a rebound.
18:48 of 3rd period - Oskar Lindblom wins face-off versus Jake Virtanen in Comets zone.
19:01 of 3rd period - Moose, Josef Korenar is pulled from the net.
19:35 of 3rd period - Shot by Jacob Nilsson.
19:35 of 3rd period - Shot Misses the Net.
19:40 of 3rd period - Josh Archibald is hit by Patrick Maroon and loses puck.
Goals for this period are 0 for Comets vs 1 for Moose.
Shots for this period are 11 for Comets vs 15 for Moose.